 Dungeon Sprint DCSS version 0.17-a0-1920-gafa4d75 (webtiles) character file.

891 kosy22 the Nimble (level 7, -5/81 HPs)
             Began as a Troll Berserker on Sept 27, 2015.
             Was an Elder of Trog.
             Slain by a two-headed ogre
             ... wielding a +0 giant club
              (15 damage)
             ... in the Dungeon (Sprint III: "The Ten Rune Challenge").
             The game lasted 00:02:06 (560 turns).

kosy22 the Nimble (Troll Berserker)                  Turns: 560, Time: 00:02:06

Health: -5/81      AC:  5    Str: 28    XL:     7   Next: 77%
Magic:  6/6        EV: 13    Int:  3    God:    Trog [****..]
Gold:   22         SH:  0    Dex:  9    Spells: 0 memorised, 6 levels left

rFire  . . .     SeeInvis .       - Unarmed
rCold  . . .     Clarity  .     a - +0 animal skin
rNeg   . . .     SustAt   .     (no shield)
rPois  .         Gourm    +     (helmet restricted)
rElec  .         Spirit   .     (no cloak)
rCorr  .         Warding  .     (gloves unavailable)
rMut   .         NoTele   +     (boots unavailable)
MR     .....                    (no amulet)
Stlth  +.........               (no ring)
                                (no ring)

@: not resistant to hostile enchantments, very unstealthy
A: unfitting armour, claws 3, fast metabolism 3, gourmand, regeneration 2,
shaggy fur 1, tough skin 2
a: Burn Spellbooks, Berserk, Trog's Hand, Brothers in Arms, Renounce Religion


You were in the Dungeon.
You worshipped Trog.
Trog was greatly pleased with you.
You were full.

You visited 1 branch You collected 22 gold pieces.

Inventory:

Armour
 a - a +0 animal skin (worn)
Magical devices
 b - a wand of polymorph (15)
Scrolls
 h - a scroll of blinking
Potions
 c - a potion of curing
 d - a potion of heal wounds
 e - a potion of haste
 f - 2 potions of magic
 g - a potion of berserk rage
Comestibles
 i - a royal jelly


   Skills:
 + Level 8.4 Fighting
 + Level 9.7 Dodging
 + Level 9.5 Unarmed Combat


You had 6 spell levels left.
You didn't know any spells.

Dungeon Overview and Level Annotations

Branches:
Dungeon (1/1)

Altars:
Cheibriados
Dithmenos
Fedhas
Gozag
Makhleb
Nemelex Xobeh
Okawaru
Qazlal
Ru
Trog
Xom
Yredelemnul
Jiyva
Lugonu


Innate Abilities, Weirdness & Mutations

You are too large for most types of armour.
You have claws for hands.
Your metabolism is lightning-fast.
You like to eat raw meat.
You heal very quickly.
You are covered in fur (AC +1).
You have very tough skin (AC +2).


Message History

A two-headed ogre comes into view. It is wielding two giant clubs.
The two-headed ogre shouts in stereo!
You mangle the two-headed ogre!!
You kill the two-headed ogre!
Trog accepts your kill.
The two-headed ogre hits you with a giant club!!
The two-headed ogre hits you with a giant club!
Things that are here:
a dire flail; a giant club; a two-headed ogre corpse The two-headed ogre closely misses you.
The two-headed ogre barely misses you.
The two-headed ogre completely misses you.
The two-headed ogre barely misses you.
Things that are here:
a dire flail; a giant club; a two-headed ogre corpse The two-headed ogre hits you with a giant club! x2
* * * LOW HITPOINT WARNING * * *
Things that are here:
a dire flail; a giant club; a two-headed ogre corpse The two-headed ogre hits you with a giant club!
You die...

♣.###+#'###)##
..#..........#
..'.⌠........#
..#...######'#
..#.⌠.#__#...#+# ##
# ..#...#__#...#..
.#.#
..#+###__#...##.#..
..# #__#...'##O#
..# #_.'...#.)@#
▓▓▓ ▓▓▓▓▓▓▓▓▓▓▓▓


You could see a two-headed ogre.

Vanquished Creatures
  A shadow (D)
  A spatial vortex (D)
  A necrophage (D)
  A two-headed ogre (D)
  A water elemental (D)
  A jelly (D)
  Jessica (D)
  A necromancer (D)
  3 humans (D)
  An ooze (D)
  A phantom (D)
  A rat (D)
14 creatures vanquished.

Vanquished Creatures (others)
  2 draconian scorchers (D)
  A yaktaur (D)
3 creatures vanquished.

Grand Total: 17 creatures vanquished

Notes
Turn   | Place    | Note
--------------------------------------------------------------
     0 | D        | kosy22 the Troll Berserker began the quest for the Orb.
     0 | D        | Reached XP level 1. HP: 22/22 MP: 0/0
    16 | D        | Acquired Trog's second power
    22 | D        | Noticed Jessica
    25 | D        | Killed Jessica
    25 | D        | Reached skill level 4 in Unarmed Combat
    25 | D        | Reached XP level 2. HP: 29/32 MP: 1/1
    25 | D        | Reached XP level 3. HP: 35/39 MP: 2/2
    78 | D        | Reached skill level 5 in Unarmed Combat
    84 | D        | Killed a yaktaur
   158 | D        | Noticed a water elemental
   163 | D        | Killed a water elemental
   163 | D        | Reached skill level 5 in Fighting
   163 | D        | Reached skill level 5 in Dodging
   163 | D        | Reached XP level 4. HP: 10/50 MP: 3/3
   166 | D        | Killed a white draconian scorcher
   178 | D        | Killed a white draconian scorcher
   286 | D        | Found an iron altar of Okawaru.
   286 | D        | Found a bloodstained altar of Trog.
   286 | D        | Noticed a human
   287 | D        | Noticed a human
   295 | D        | HP: 3/75 [human (8)]
   296 | D        | Killed a human
   296 | D        | Reached skill level 6 in Fighting
   296 | D        | Reached skill level 7 in Unarmed Combat
   296 | D        | Reached XP level 5. HP: 3/59 MP: 4/4
   302 | D        | Killed a human
   302 | D        | Reached skill level 8 in Dodging
   302 | D        | Reached XP level 6. HP: 5/71 MP: 5/5
   422 | D        | Found a basalt altar of Yredelemnul.
   422 | D        | Found a snail-covered altar of Cheibriados.
   422 | D        | Found a blossoming altar of Fedhas.
   422 | D        | Noticed a necrophage
   422 | D        | Noticed a necromancer
   427 | D        | Killed a necrophage
   430 | D        | Killed a necromancer
   446 | D        | Noticed a jelly
   447 | D        | Noticed a shadow
   452 | D        | Killed a shadow
   452 | D        | Reached skill level 9 in Dodging
   452 | D        | Reached XP level 7. HP: 44/79 MP: 6/6
   454 | D        | Killed a jelly
   454 | D        | Acquired Trog's third power
   516 | D        | Found a stormy altar of Qazlal.
   516 | D        | Found a sacrificial altar of Ru.
   516 | D        | Found a burning altar of Makhleb.
   516 | D        | Found a shimmering altar of Xom.
   517 | D        | Found a viscous altar of Jiyva.
   517 | D        | Found a shadowy altar of Dithmenos.
   517 | D        | Found a sparkling altar of Nemelex Xobeh.
   517 | D        | Found a corrupted altar of Lugonu.
   517 | D        | Found an opulent altar of Gozag.
   517 | D        | Noticed a spatial vortex
   529 | D        | Killed a spatial vortex
   546 | D        | Noticed a two-headed ogre
   546 | D        | Noticed a two-headed ogre
   554 | D        | Noticed a two-headed ogre
   554 | D        | Killed a two-headed ogre
   560 | D        | Slain by a two-headed ogre

Vault maps used:
D:        dungeon_sprint_mu

Action                   |  1- 3 |  4- 6 |  7- 9 || total
-------------------------+-------+-------+-------++-------
Melee: Unarmed           |    27 |    24 |    12 ||    63
Invok: Berserk           |     1 |     1 |       ||     2
  Eat: Chunk             |     1 |       |       ||     1
       Bread ration      |       |     2 |       ||     2
